 Dungeon Crawl Stone Soup version 0.29.0-10-g45618ea6d2 (webtiles) character file.

Game seed: 6834202536755575958

407 awesomegowd the Shield-Bearer (level 6, 0/56 HPs)
             Began as a Minotaur Fighter on Sept 1, 2022.
             Slain by a gnoll
             ... wielding a +0 halberd
              (5 damage)
             ... on level 3 of the Dungeon.
             The game lasted 00:11:58 (2441 turns).

awesomegowd the Shield-Bearer (Minotaur Fighter)    Turns: 2441, Time: 00:11:58

Health: 0/56       AC:  9    Str: 22    XL:     6   Next: 57%
Magic:  5/5        EV:  9    Int:  5    God:
Gold:   165        SH:  9    Dex: 10    Spells: 5/5 levels left

rFire   + . .      SeeInvis .   a - +0 war axe
rCold   . . .      Faith    .   m - +0 kite shield
rNeg    . . .      Spirit   .   s - +3 ring mail
rPois   .          Reflect  .   (helmet restricted)
rElec   .          Harm     .   (no cloak)
rCorr   .          Rampage  .   (no gloves)
Will    .....                   (no boots)
Stlth   ..........              (no amulet)
HPRegen 0.18/turn               j - ring of protection from fire
MPRegen 0.09/turn               (no ring)

@: no status effects
A: horns 2, retaliatory headbutt
a: no special abilities


You were on level 3 of the Dungeon.
You visited 1 branch of the dungeon, and saw 3 of its levels.

You collected 165 gold pieces.

Inventory:

Hand Weapons
 a - a +0 war axe (weapon)
Missiles
 g - 24 stones (quivered)
Armour
 b - a +0 scale mail
 m - a +0 kite shield (worn)
 s - a +3 ring mail (worn)
Jewellery
 i - an amulet of faith
 j - a ring of protection from fire (left hand)
Scrolls
 c - a scroll of fear {unknown}
 f - a scroll of blinking {unknown}
 h - 3 scrolls of noise {unknown}
 k - a scroll of vulnerability {unknown}
 l - a scroll of magic mapping {unknown}
 q - 2 scrolls of identify {unknown}
Potions
 d - a potion of might
 e - a potion of magic {unknown}
 n - 3 potions of curing {unknown}
 o - 2 potions of heal wounds {unknown}
 p - a potion of brilliance {unknown}
 r - a potion of cancellation {unknown}


   Skills:
 + Level 5.2 Fighting
 + Level 5.3 Axes
 + Level 4.5 Armour
 + Level 1.5 Dodging
 + Level 0.1 Stealth
 + Level 5.4 Shields


You had 5 spell levels left.
You didn't know any spells.
Your spell library contained the following spells:

 Spells                   Type           Power      Damage    Failure   Level
 Sandblast                Erth           0%         2d4       93%         1
 Ensorcelled Hibernation  Hex/Ice        0%         N/A       98%         2
 Passwall                 Tmut/Erth      0%         N/A       98%         2
 Stone Arrow              Conj/Erth      0%         3d7       100%        3
 Swiftness                Air            0%         N/A       100%        3


Dungeon Overview and Level Annotations

Branches:
Dungeon (3/15)

Altars:

Shops:
D:1 :


Innate Abilities, Weirdness & Mutations

You have a pair of horns on your head.
You reflexively headbutt those who attack you in melee.


Message History

You block the wight's attack.
The gnoll moves out of view.
You slash the wight!
You destroy the wight!
You hit the frilled lizard.
You kill the frilled lizard!
The gnoll hits you from afar with a +0 spear!
Your life force feels restored.
You block the gnoll's attack. You block the orc's attack.
You block the gnoll's attack.
Things that are here:
a +3 battleaxe; a +0 robe You slash the gnoll!
You kill the gnoll!
You hit the gnoll. You hit the orc. The gnoll hits you with a +0 flail.
* * * LOW HITPOINT WARNING * * *
You block the orc's attack. The orc hits you but does no damage.
The orc hits you with a +0 short sword.
* * * LOW HITPOINT WARNING * * *
You block the gnoll's attack.
You barely miss the orc. You slash the gnoll!
You kill the gnoll!
You hit the orc.
You kill the orc!
The orc closely misses you.
You hit the orc but do no damage. Your headbutt misses the orc.
The orc closely misses you. You furiously retaliate!
You headbutt the orc!
You kill the orc!
You block the gnoll's attack.
The gnoll hits you from afar with a +0 halberd.
* * * LOW HITPOINT WARNING * * *
Things that are here:
a +0 short sword; a +0 spear; a gnoll corpse The gnoll closely misses you.
Things that are here:
a +3 battleaxe; a +0 robe The gnoll barely misses you.
Things that are here:
a +0 short sword; a +0 spear; a gnoll corpse The gnoll hits you from afar with a +0 halberd.
You die...

########### #####
#..))..'..###...#
#.g.@).#...#'.8.#
#...)).##...#...#
#...###...+##..#...####
#.. #...#.###†.8.'..#
#. #...#..#.#...##.# #
.###+ #..#...##.# ..
..##†.8.##.## . ##.
##...#.... ## #
#####....


You could see a gnoll.

Vanquished Creatures
  Grinder (D:3)
  A wight (D:3)
  Terence (D:3)
  2 gnolls (D:3)
  6 adders
  A worm (D:2)
  3 dart slugs
  3 orcs (D:3)
  3 bats
  9 endoplasms
  2 giant cockroaches (D:1)
  4 goblins
  A hobgoblin (D:1)
  A quokka (D:3)
  5 ball pythons
  7 frilled lizards
  6 kobolds
  3 rats
59 creatures vanquished.

Vanquished Creatures (others)
  2 fungi (D:2)
2 creatures vanquished.

Grand Total: 61 creatures vanquished

Notes
Turn   | Place    | Note
-------+----------+-------------------------------------------
     0 | D:1      | awesomegowd the Minotaur Fighter began the quest for the
                  | Orb.
     0 | D:1      | Reached XP level 1. HP: 19/19 MP: 0/0
   196 | D:1      | Reached XP level 2. HP: 24/27 MP: 1/1
   634 | D:1      | Found Xuwoorph's Book Boutique.
  1383 | D:2      | Reached XP level 3. HP: 32/33 MP: 2/2
  1587 | D:2      | Found a faded altar of an unknown god.
  1757 | D:2      | Reached XP level 4. HP: 29/41 MP: 3/3
  1988 | D:3      | Noticed Grinder
  1995 | D:3      | Killed Grinder
  1996 | D:3      | Reached skill level 5 in Fighting
  1996 | D:3      | Reached skill level 1 in Dodging
  1996 | D:3      | Reached skill level 5 in Shields
  1996 | D:3      | Reached XP level 5. HP: 32/48 MP: 4/4
  1996 | D:3      | Reached XP level 6. HP: 37/56 MP: 5/5
  2052 | D:3      | Noticed Terence
  2058 | D:3      | Killed Terence
  2404 | D:3      | Reached skill level 5 in Axes
  2441 | D:3      | Slain by a gnoll

Illustrated notes

Levels and vault maps discovered:
D:1:      amcnicky_arrival_choice, layout_loops_corners, serial_shops,
          nicolae_shop_hallway_plus, chequers_avenue
D:2:      layout_rooms, shapermc_ecumenical_altar_acropolis
D:3:      minmay_chambers_of_threes, layout_rooms, uniq_grinder,
          uniq_crazy_yiuf_cottage, uniq_terence

Skill      XL: |  1  2  3  4  5  6 |
---------------+-------------------+-----
Armour         | 4 |  4.5
Fighting       | 4 5 |  5.2
Shields        | 4 5 |  5.4
Axes           | 3 4 5 |  5.3
Dodging        | 1 |  1.5
Stealth        | |  0.1

Action                   |  1- 3 |  4- 6 || total
-------------------------+-------+-------++-------
Melee: War axe           |   101 |    39 ||   140
       Headbutt          |    13 |     6 ||    19
Armor: Scale mail        |    57 |     8 ||    65
       Ring mail         |       |     8 ||     8
Dodge: Dodged            |    37 |    36 ||    73
Block: Buckler           |    14 |       ||    14
       Kite shield       |    29 |    32 ||    61
